 Dungeon Crawl Stone Soup version 0.26-a0-597-gb535b0901c (webtiles) character file.

Game seed: 2406166844558586711

17 Lanoc the Caller (level 2, -1/19 HPs)
             Began as a Formicid Summoner on Sept 11, 2020.
             Killed from afar by Ijyb (10 damage)
             ... with a puff of flame
             ... on level 3 of the Dungeon.
             The game lasted 00:01:11 (694 turns).

Lanoc the Caller (Formicid Summoner)                 Turns: 694, Time: 00:01:11

Health: -1/19      AC:  2    Str: 12    XL:     2   Next: 80%
Magic:  0/5        EV: 12    Int: 14    God:
Gold:   10         SH:  0    Dex: 11    Spells: 2/5 levels left

rFire    . . .     SeeInvis +   (no weapon)
rCold    . . .     Faith    .   (no shield)
rNeg     . . .     Spirit   .   a - +0 robe
rPois    .         Reflect  .   (helmet unavailable)
rElec    .         Harm     .   (no cloak)
rCorr    .                      (no gloves)
MR       .....                  (no boots)
Stlth    ++........             (no amulet)
HPRegen  0.06/turn              (no ring)
MPRegen  0.09/turn              (no ring)

@: no status effects
A: permanent stasis, dig shafts and tunnels, four strong arms, antennae 3
a: Dig, Shaft Self


You were on level 3 of the Dungeon.
You visited 1 branch of the dungeon, and saw 3 of its levels.

You collected 10 gold pieces.

Inventory:

Armour
 a - a +0 robe (worn)
Scrolls
 c - a scroll of remove curse {unknown}
Potions
 b - a potion of lignification {unknown}
 d - a potion of stabbing {unknown}


   Skills:
 + Level 2.1 Dodging
 - Level 2.4 Stealth
 - Level 2.1 Spellcasting
 * Level 4.4 Summonings


You had 2 spell levels left.
You knew the following spells:

 Your Spells              Type           Power        Failure   Level
a - Summon Small Mammal   Summ           ##..         3%          1
b - Call Imp              Summ           ##......     5%          2

Your spell library contained the following spells:

 Spells                   Type           Power        Failure   Level
 Call Canine Familiar     Summ           ##......     11%         3
 Summon Guardian Golem    Hex/Summ       #.......     28%         3
 Summon Ice Beast         Ice/Summ       #.......     67%         4
 Summon Lightning Spire   Summ/Air       #.......     67%         4


Dungeon Overview and Level Annotations

Branches:
Dungeon (3/15)

Altars:

Annotations:
D:3 Ijyb


Innate Abilities, Weirdness & Mutations

You cannot be hasted, slowed, berserked, paralysed or teleported.
You can dig through walls and to a lower floor.
Your four strong arms can wield two-handed weapons with a shield.
You have a pair of large antennae on your head. (SInv)


Message History

Ijyb misses you.
Casting: Call Imp (safe; 5% risk of failure)
Confirm with . or Enter, or press ? or * to list all spells.
A beastly little devil appears in a puff of flame.
Ijyb closely misses you. Ijyb hits your crimson imp.
Your crimson imp blinks!
What are your orders? t - Shout!
Orders for allies: a - Attack new target. r - Retreat! s - Stop attacking. g - Guard the area. f - Follow me.
Anything else - Cancel.
Gang up on whom?
Press: ? - help, Dir - move target cursor, f - Ijyb
Aim: Ijyb, wearing a +0 leather armour of positive energy and carrying a wand of flame (22) (moderately wounded) Attack!
Your white imp hits Ijyb.
Your white imp freezes Ijyb.
Ijyb zaps a wand.
The puff of flame hits you!
Ouch! That really hurt!
You die...

###### ....># ..##.######.
#####.#......... ..##.#.@#
#.##.#..# .# #####.##.#g.#
..# #†...((5.5..#####..##
......§.#####.#...........
........#####.#...........
.................5........
...####.#####.#...†.......
.# #.# #.#...........


You could see Ijyb, a friendly crimson imp (summoned) and a friendly white imp
(summoned).

Vanquished Creatures
  A dart slug (D:3)
  3 bats (D:1)
  A goblin (D:1)
5 creatures vanquished.

Vanquished Creatures (collateral kills)
  An ooze (D:1)
  A giant cockroach (D:3)
  A hobgoblin (D:3)
  A quokka (D:3)
  2 frilled lizards (D:1)
  A kobold (D:3)
  4 rats
11 creatures vanquished.

Grand Total: 16 creatures vanquished

Notes
Turn   | Place    | Note
-------+----------+-------------------------------------------
     0 | D:1      | Lanoc the Formicid Summoner began the quest for the Orb.
     0 | D:1      | Reached XP level 1. HP: 13/13 MP: 3/3
   180 | D:1      | Reached XP level 2. HP: 12/19 MP: 1/5
   184 | D:1      | Learned a level 2 spell: Call Imp
   673 | D:3      | Noticed Ijyb
   694 | D:3      | Killed from afar by Ijyb

Illustrated notes

Levels and vault maps discovered:
D:1:      nzn_arrival_crosshair, layout_rooms, hangedman_decor_slide_cut,
          minmay_pentomino_t2
D:2:      layout_loops_cross, hex_tiny, corexii_corridor_pit,
          minmay_misc_feat_columns, uniq_sigmund
D:3:      layout_basic, grunt_temple_overflow_open, gammafunk_ghost_arena,
          tso_metal_star, uniq_grinder, uniq_ijyb, uniq_natasha, uniq_terence

Skill      XL: |  1 |
---------------+----+-----
Dodging        | 2 |  2.1
Stealth        | |  2.4
Spellcasting   | |  2.1
Summonings     | |  4.4

Action                   || total
-------------------------++-------
Melee: Unarmed           ||    48
 Cast: Summon Small Mamm ||    13
       Call Imp          ||     7
 Stab: Sleeping          ||     1
Armor: Robe              ||    20
Dodge: Dodged            ||    44

Table legend: (Time is in decaauts)
 A = Elapsed time spent in this place.
 B = Non-inter-level travel time spent in this place.
 C = Inter-level travel time spent in this place.
 D = Time resting spent in this place.
 E = Time spent auto-exploring this place.
 F = Levels seen in this place.
 G = Mean time per level.
                   A        B        C        D        E       F      G
               +--------+--------+--------+--------+--------+-----+--------+
         Total |    693 |    693 |      0 |      0 |    546 |   3 |  231.0 |
       Dungeon |    693 |    693 |      0 |      0 |    546 |   3 |  231.0 |
               +--------+--------+--------+--------+--------+-----+--------+

Top non-repeatable levels by time:
     D:1: 540 daAuts
     D:3: 78 daAuts
     D:2: 74 daAuts
